 Dungeon Crawl Stone Soup version 0.30.0-30-g96aa6591b8 (webtiles) character file.

Game seed: 11006344155204482385

1 Chiseanne the Sneak (level 1, -1/16 HPs)
             Began as an Octopode Delver on June 29, 2023.
             Shot with an arrow by a centaur (6 damage)
             ... on level 5 of the Dungeon.
             The game lasted 00:00:18 (23 turns).

Chiseanne the Sneak (Octopode Delver)                 Turns: 23, Time: 00:00:19

Health: -1/16      AC:  1    Str: 11    XL:     1   Next: 20%
Magic:  1/1        EV: 13    Int: 12    God:
Gold:   15         SH:  0    Dex: 13    Spells: 0/0 levels left

rFire   . . .        a - +0 short sword
rCold   . . .        (no shield)
rNeg    . . .        (helmet restricted)
rPois   .            (no amulet)
rElec   .            (no ring)
rCorr   .            (no ring)
SInv    .            (no ring)
Will    .....        (no ring)
Stlth   ++++         (no ring)
HPRegen 0.22/turn    (no ring)
MPRegen 0.07/turn    (no ring)
                     (no ring)

%: no passive effects
@: no status effects
A: almost no armour, amphibious, 8 rings, camouflage 1, gelatinous body 1,
(nimble swimmer 1), tentacles
a: no special abilities


You were on level 5 of the Dungeon.
You visited 1 branch of the dungeon, and saw 1 of its levels.

You collected 15 gold pieces.

Inventory:

Hand Weapons
 a - a +0 short sword (weapon)
Wands
 f - a wand of digging (3)
Scrolls
 b - a scroll of fog
 c - a scroll of magic mapping
 d - a scroll of fear
Potions
 e - a potion of haste


   Skills:
 * Level 3.0 Fighting
 - Level 2.0 Short Blades
 * Level 2.0 Dodging
 * Level 6.6 Stealth


You couldn't memorise any spells.
You didn't know any spells.
Your spell library was empty.

Dungeon Overview and Level Annotations

Branches:
Dungeon (5/15)
 Temple: D:4-7

Altars:

Shops:
D:5 (


Innate Abilities, Weirdness & Mutations

You cannot wear most types of armour.
You are amphibious.
You can wear up to eight rings at the same time.
Your skin changes colour to match your surroundings (Stealth+).
Your rubbery body absorbs attacks. (AC +1, EV +1)
((You are camouflaged when in or above water. (Stealth+)))
You have tentacles for arms and can constrict up to eight enemies at once.


Message History

Options error: Bad object type '%' for autopickup. (~/.crawlrc:79) Options error: Couldn't parse integer option travel_delay: "1 (or -1 online)" (~/.crawlrc:138) Options error: Couldn't parse integer option rest_delay: "-1 (or -1 online)" (~/.crawlrc:140) Options error: Unknown explore stop condition 'greedy_sacrificeable' (~/.crawlrc:146) Welcome, Chiseanne the Octopode Delver.
It's a long way down to the Orb of Zot, but that shouldn't be any trouble.
Press ? for a list of commands and other information.
Found 15 gold pieces.
You now have 15 gold pieces.
A quokka comes into view.
The helpless quokka fails to defend itself.
You puncture the quokka!
You kill the quokka!
Found 13 gold pieces and a scroll labelled RIURAK YLELOTS.
Found Xoeshos's Weapon Shoppe.
Found a potion of haste.
You see here a quokka corpse.
There is an entrance to Xoeshos's Weapon Shoppe here.
You can access your shopping list by pressing '$'.
A centaur comes into view.
The centaur shouts!
The centaur wields a +2 shortbow of flaming.
It bursts into flame!
The centaur shoots an arrow.
The arrow hits you!
Ouch! That really hurt!
The arrow burns you.
You die...

#.......# #.......# .#
###......$# .# #......#
.# .# #####.#.#### .#
.# #..........##!####
.#####.#####†.........#
.......# #...#.#.....#
.......# #.#...@..?..#
>.....## #∩..###....c#
.###### ##.## .....# .#
#.# ###### .# #.# .#
... .# ... ## #....
##.#.


You could see a centaur.

Vanquished Creatures
  A quokka (D:5)
1 creature vanquished.

Notes
Turn   | Place    | Note
-------+----------+-------------------------------------------
     0 | D:5      | Chiseanne the Octopode Delver began the quest for the Orb.
     0 | D:5      | Reached XP level 1. HP: 16/16 MP: 1/1
    13 | D:5      | Found Xoeshos's Weapon Shoppe.
    21 | D:5      | Noticed a centaur
    23 | D:5      | Shot with an arrow by a centaur

Illustrated notes

Levels and vault maps discovered:
D:5:      layout_loops_cross, minmay_temple_entry_statues_fountains,
          serial_shops, nicolae_shop_real_fake_doors,
          nicolae_shop_rolling_square, shop, minmay_misc_feat_secret_circle,
          nicolae_elevator_lobby_asterisk

Action                     || total
---------------------------++-------
  Melee: Short sword       ||     1
   Stab: Sleeping          ||     1
